[Event "Riga Chess Open 2020"]
[Site "Riga"]
[Date "2020.08.28"]
[Round "6.2"]
[White "Tokranovs, Dmitrijs"]
[Black "Katishonok, Nikolaj"]
[Result "1-0"]
[ECO "C54"]
[WhiteElo "2212"]
[BlackElo "2118"]
[Annotator "ChessBase"]
[PlyCount "101"]
[EventDate "2020.08.29"]
[EventType "swiss"]
[EventCountry "LAT"]
[SourceTitle "playchess.com"]
[Source "ChessBase"]
[SourceQuality "1"]
[TimeControl "5400+30"]

1. e4 e5 2. Nf3 Nc6 3. Bc4 Bc5 4. c3 Nf6 5. d4 exd4 6. cxd4 Bb4+ 7. Bd2 Nxe4 8. Bxb4 Nxb4 9. Bxf7+ Kxf7 10. Qb3+ Kf8 11. Qxb4+ Qe7 12. Qxe7+ Kxe7 13. O-O Kd8 14. Re1 Nf6 15. Nc3 d6 16. d5 Bd7 17. Ng5 Re8 18. f3 a5 19. Kf2 a4 20. a3 Ra5 21. Rxe8+ Kxe8 22. Rd1 h6 23. Nge4 Nxe4+ 24. fxe4 Ra6 25. Ke3 Ke7 26. Rd2 Rb6 27. Kd3 Ra6 28. Kd4 c5+ 29. dxc6 Bxc6 30. Na2 Ra5 31. Nc3 Rh5 32. g3 Rg5 33. Ke3 Rc5 34. Rd4 Rh5 35. h4 Rc5 36. Nxa4 Rc2 37. b3 Ra2 38. Nb6 Rxa3 39. Rd3 Bb5 40. Nd5+ Kd7 41. Rc3 Bc6 42. Kf4 Ke6 43. Nb4 Bd7 44. Nc2 Ra2 45. Rc7 b6 46. Nd4+ Ke7 47. Rb7 Ra6 48. Nc6+ Ke6 49. Rxd7 g5+ 50. hxg5 hxg5+ 51. Kxg5 1-0

[Event "Riga Chess Open 2020"]
[Site "Riga"]
[Date "2020.08.28"]
[Round "6.3"]
[White "Raag, Ardi"]
[Black "Morkunas, Gustas"]
[Result "1/2-1/2"]
[ECO "C60"]
[WhiteElo "1724"]
[BlackElo "1660"]
[Annotator "NA"]
[PlyCount "106"]
[EventDate "2020.08.29"]
[EventType "swiss"]
[EventCountry "LAT"]
[SourceTitle "playchess.com"]
[Source "ChessBase"]
[SourceQuality "1"]
[TimeControl "5400+30"]

1. e4 e5 2. Nf3 Nc6 3. Bb5 g6 4. O-O Bg7 5. c3 a6 6. Ba4 b5 7. Bc2 Nge7 8. d4 exd4 9. cxd4 d6 10. h3 O-O 11. Re1 Na5 12. Nc3 c5 13. d5 Nc4 14. Rb1 Qa5 15. Qd3 Bd7 16. a3 b4 17. Qxc4 bxc3 18. bxc3 Bb5 19. Qa2 Bxc3 20. Re3 Bd4 21. Bd2 Qc7 22. Nxd4 cxd4 23. Rg3 f5 24. e5 Kh8 25. e6 Bc4 26. Bb3 Bxb3 27. Rgxb3 Qc4 28. Qb2 Qxd5 29. Rd3 Qxe6 30. Qxd4+ Qe5 31. Qxd6 Qxd6 32. Rxd6 Rfd8 33. Rbb6 Rxd6 34. Rxd6 Kg8 35. Bg5 Nc8 36. Rd8+ Kf7 37. Rd7+ Kg8 38. Be3 Rb8 39. Bd4 Rb1+ 40. Kh2 Rc1 41. Rg7+ Kf8 42. Rxh7 Rc6 43. Rb7 Nd6 44. Rb6 Rxb6 45. Bxb6 Nc4 46. Bc5+ Kf7 47. f4 Ke6 48. Kg3 Kd5 49. Be7 Ke4 50. Bf8 Ke3 51. Kh4 Kxf4 52. Bh6+ Ke5 53. Kg5 Ne3 1/2-1/2

[Event "Riga Chess Open 2020"]
[Site "Riga"]
[Date "2020.08.28"]
[Round "6.4"]
[White "Milovs, Daniels"]
[Black "Stabulnieks, Klavs"]
[Result "1-0"]
[ECO "B21"]
[WhiteElo "1592"]
[BlackElo "2214"]
[Annotator "ChessBase"]
[PlyCount "47"]
[EventDate "2020.08.29"]
[EventType "swiss"]
[EventCountry "LAT"]
[SourceTitle "playchess.com"]
[Source "ChessBase"]
[SourceQuality "1"]
[TimeControl "5400+30"]

1. e4 c5 2. Be2 Nc6 3. f4 g6 4. Nf3 Bg7 5. c3 e6 6. d3 Nge7 7. O-O d5 8. Qe1 b6 9. Na3 Ba6 10. e5 d4 11. Nc4 O-O 12. Nd6 dxc3 13. bxc3 Nf5 14. Nxf5 exf5 15. d4 Bxe2 16. Qxe2 cxd4 17. Rd1 d3 18. Rxd3 Qc8 19. Ba3 Re8 20. Rad1 f6 21. Rd7 fxe5 22. Qc4+ Kh8 23. Ng5 Nd8 24. Rc7 1-0

[Event "Riga Chess Open 2020"]
[Site "Riga"]
[Date "2020.08.29"]
[Round "7.2"]
[White "Sibajeva, Marija"]
[Black "Raag, Ardi"]
[Result "1-0"]
[ECO "D03"]
[WhiteElo "1973"]
[BlackElo "1724"]
[Annotator "ChessBase"]
[PlyCount "47"]
[EventDate "2020.08.29"]
[EventType "swiss"]
[EventCountry "LAT"]
[SourceTitle "playchess.com"]
[Source "ChessBase"]
[SourceQuality "1"]
[TimeControl "5400+30"]

1. d4 d5 2. Nf3 Nf6 3. Bg5 c5 4. c3 Ne4 5. Bh4 Qb6 6. Qc1 cxd4 7. cxd4 Nc6 8. e3 Bf5 9. Nc3 e6 10. Be2 Bb4 11. O-O O-O 12. Nxe4 Bxe4 13. a3 Bd6 14. b4 Rac8 15. Qd2 a5 16. b5 Na7 17. Ra2 Rc7 18. Rfa1 Rfc8 19. Ne1 a4 20. Bg3 Bxg3 21. hxg3 Rc3 22. Rb2 Qa5 23. b6 Nc6 24. Rb5 1-0

[Event "Riga Chess Open 2020"]
[Site "Riga"]
[Date "2020.08.29"]
[Round "7.3"]
[White "Melderis, Uldis"]
[Black "Milovs, Daniels"]
[Result "1-0"]
[ECO "E63"]
[WhiteElo "1889"]
[BlackElo "1592"]
[Annotator "NA"]
[PlyCount "91"]
[EventDate "2020.08.29"]
[EventType "swiss"]
[EventCountry "LAT"]
[SourceTitle "playchess.com"]
[Source "ChessBase"]
[SourceQuality "1"]
[TimeControl "5400+30"]

1. d4 Nf6 2. Nf3 g6 3. c4 Bg7 4. Nc3 d6 5. g3 O-O 6. Bg2 Nc6 7. O-O a6 8. e4 Bg4 9. Be3 Nd7 10. Qd2 Bxf3 11. Bxf3 e5 12. dxe5 dxe5 13. Bg5 Nd4 14. Kg2 Nf6 15. c5 Ne6 16. Qxd8 Raxd8 17. Bxf6 Bxf6 18. Nd5 Bg7 19. c6 bxc6 20. Ne7+ Kh8 21. Nxc6 Rd2 22. b3 Nd4 23. Nb4 f5 24. Rad1 Nxf3 25. Kxf3 fxe4+ 26. Kxe4 Re2+ 27. Kd3 Rexf2 28. Rxf2 Rxf2 29. Ke3 Rf8 30. Nxa6 Ra8 31. Nxc7 Bh6+ 32. Ke4 Rxa2 33. Ne6 Kg8 34. Kxe5 Rxh2 35. Rb1 Kf7 36. Nc5 Rh5+ 37. Kd4 Be3+ 38. Kxe3 Rxc5 39. b4 Rc8 40. b5 Ke6 41. Kf4 h6 42. b6 Rb8 43. b7 Kf6 44. Rb6+ Kf7 45. Ke5 Ke7 46. Rxg6 1-0

[Event "Riga Chess Open 2020"]
[Site "Riga"]
[Date "2020.08.29"]
[Round "7.4"]
[White "Katishonok, Nikolaj"]
[Black "Aminovs, Maksims"]
[Result "1-0"]
[ECO "D01"]
[WhiteElo "2118"]
[BlackElo "1613"]
[Annotator "ChessBase"]
[PlyCount "51"]
[EventDate "2020.08.29"]
[EventType "swiss"]
[EventCountry "LAT"]
[SourceTitle "playchess.com"]
[Source "ChessBase"]
[SourceQuality "1"]
[TimeControl "5400+30"]

1. Nc3 d5 2. d4 Nf6 3. Bg5 Nbd7 4. f3 c6 5. Qd2 Qb6 6. O-O-O e6 7. e4 dxe4 8. Nxe4 Be7 9. h4 Qd8 10. Bd3 h6 11. Bf4 Nxe4 12. fxe4 Bxh4 13. Nf3 Bf6 14. g4 Rg8 15. e5 Be7 16. g5 hxg5 17. Bxg5 Nb6 18. Rdf1 Nd5 19. c4 Nb4 20. Bh7 Rf8 21. a3 Na6 22. Be4 Bd7 23. Rh7 g6 24. Qf4 Bxg5 25. Nxg5 Qe7 26. Nxf7 1-0

[Event "Riga Chess Open 2020"]
[Site "Riga"]
[Date "2020.08.29"]
[Round "8.1"]
[White "Krivonosov, Oleg"]
[Black "Sibajeva, Marija"]
[Result "1-0"]
[ECO "D27"]
[WhiteElo "2381"]
[BlackElo "1973"]
[Annotator "ChessBase"]
[PlyCount "133"]
[EventDate "2020.08.29"]
[EventType "swiss"]
[EventCountry "LAT"]
[SourceTitle "playchess.com"]
[Source "ChessBase"]
[SourceQuality "1"]
[TimeControl "5400+30"]

1. Nf3 d5 2. d4 Nf6 3. c4 dxc4 4. e3 a6 5. Bxc4 e6 6. O-O c5 7. dxc5 Qxd1 8. Rxd1 Bxc5 9. Nbd2 O-O 10. b3 b6 11. Bb2 Bb7 12. Be2 Nc6 13. Rac1 Rfd8 14. a3 Rac8 15. b4 Be7 16. Nb3 Rxd1+ 17. Rxd1 Rd8 18. Rc1 Nd5 19. Nfd4 Nxd4 20. Bxd4 Bf6 21. Bxf6 gxf6 22. Bf3 Rd7 23. Kf1 Ne7 24. Bxb7 Rxb7 25. Ke2 Rd7 26. Rc4 e5 27. f4 Kg7 28. Nd2 Nd5 29. f5 Ne7 30. g4 h5 31. h3 hxg4 32. hxg4 Rd8 33. Ne4 Rd7 34. Rc1 Rd8 35. Rc7 Ng8 36. Rc6 Rb8 37. Kf3 Rb7 38. Nd6 Rb8 39. Rc7 Nh6 40. Rc8 Rxc8 41. Nxc8 b5 42. Ne7 Kf8 43. Nd5 Ng8 44. Nc7 Ke7 45. Nxa6 Kd6 46. e4 Ne7 47. Nc5 Nc6 48. Nb3 Ne7 49. Nd2 Nc6 50. Ke3 Nd4 51. Kd3 Ke7 52. Nb1 Kf8 53. Nc3 Kg7 54. a4 bxa4 55. Nxa4 Kh6 56. Nc3 Kg5 57. b5 Kxg4 58. b6 Nc6 59. b7 Nb8 60. Kc4 Kf3 61. Kd5 Ke3 62. Nb5 Na6 63. Nd6 Nb4+ 64. Kc5 Na6+ 65. Kb6 Nb8 66. Kc7 Na6+ 67. Kc8 1-0

[Event "Riga Chess Open 2020"]
[Site "Riga"]
[Date "2020.08.29"]
[Round "8.2"]
[White "Katishonok, Nikolaj"]
[Black "Melderis, Uldis"]
[Result "1-0"]
[ECO "D26"]
[WhiteElo "2118"]
[BlackElo "1889"]
[Annotator "ChessBase"]
[PlyCount "61"]
[EventDate "2020.08.29"]
[EventType "swiss"]
[EventCountry "LAT"]
[SourceTitle "playchess.com"]
[Source "ChessBase"]
[SourceQuality "1"]
[TimeControl "5400+30"]

1. d4 d5 2. c4 e6 3. Nc3 Nf6 4. Nf3 a6 5. e3 dxc4 6. Bxc4 b5 7. Bd3 Bb7 8. Qc2 Nbd7 9. a4 b4 10. Ne4 Nxe4 11. Bxe4 Bxe4 12. Qxe4 Be7 13. O-O O-O 14. Bd2 c5 15. dxc5 Nxc5 16. Qxb4 Rb8 17. Qc3 Ne4 18. Qc2 Nxd2 19. Nxd2 Bf6 20. Rab1 Qa5 21. Nc4 Rfc8 22. b3 Qb4 23. Rfd1 h6 24. h3 Rc5 25. Qe4 Re5 26. Qc6 Rc5 27. Qxa6 Qc3 28. Qa7 Rcc8 29. Nd6 Rd8 30. Qxf7+ Kh8 31. Qxe6 1-0

[Event "Riga Chess Open 2020"]
[Site "Riga"]
[Date "2020.08.29"]
[Round "8.3"]
[White "Raag, Ardi"]
[Black "Tokranovs, Dmitrijs"]
[Result "0-1"]
[ECO "B03"]
[WhiteElo "1724"]
[BlackElo "2212"]
[Annotator "ChessBase"]
[PlyCount "96"]
[EventDate "2020.08.29"]
[EventType "swiss"]
[EventCountry "LAT"]
[SourceTitle "playchess.com"]
[Source "ChessBase"]
[SourceQuality "1"]
[TimeControl "5400+30"]

1. e4 Nf6 2. e5 Nd5 3. d4 d6 4. c4 Nb6 5. f4 dxe5 6. fxe5 Nc6 7. Be3 Bf5 8. Nc3 e6 9. Be2 Qd7 10. Nf3 Be7 11. O-O Rd8 12. Qd2 O-O 13. Rad1 f6 14. exf6 Bxf6 15. d5 exd5 16. Nxd5 Nxd5 17. cxd5 Ne7 18. Bc4 Kh8 19. Nd4 Bg4 20. Ne6 Bxd1 21. Nxf8 Rxf8 22. Rxd1 Nf5 23. Bf2 Be5 24. Bc5 Nd6 25. Qb4 Qg4 26. Bb3 Rf4 27. Qe1 Re4 28. Qf1 Kg8 29. Bxd6 cxd6 30. Bc2 Qh4 31. h3 Rf4 32. Qe2 Qg3 33. Qd3 Qf2+ 34. Kh1 g6 35. Bb3 Rf7 36. Rg1 Kg7 37. Bc4 Bxb2 38. Rf1 Qxf1+ 39. Qxf1 Rxf1+ 40. Bxf1 Kf6 41. Bc4 Ke5 42. g4 Kd4 43. Bb3 g5 44. Kg2 b5 45. Kf2 a5 46. Kf3 a4 47. Bc2 h6 48. Be4 Bc1 0-1

[Event "Riga Chess Open 2020"]
[Site "Riga"]
[Date "2020.08.29"]
[Round "8.4"]
[White "Stabulnieks, Klavs"]
[Black "Petersons, Ojars"]
[Result "1-0"]
[ECO "A42"]
[WhiteElo "2214"]
[BlackElo "1655"]
[Annotator "ChessBase"]
[PlyCount "79"]
[EventDate "2020.08.29"]
[EventType "swiss"]
[EventCountry "LAT"]
[SourceTitle "playchess.com"]
[Source "ChessBase"]
[SourceQuality "1"]
[TimeControl "5400+30"]

1. d4 d6 2. c4 g6 3. Nc3 Bg7 4. e4 e6 5. Be3 b6 6. Qd2 Bb7 7. Nge2 Ne7 8. f3 Nd7 9. O-O-O Nf6 10. Bh6 Bxh6 11. Qxh6 Nh5 12. g4 Ng8 13. Qe3 Ng7 14. Ng3 Qe7 15. h4 h5 16. g5 O-O-O 17. Bh3 Kb8 18. Rhe1 Qe8 19. f4 Ne7 20. Rd2 Nc8 21. Rde2 Qf8 22. d5 e5 23. Rf2 Qe7 24. Ref1 Rhf8 25. f5 gxf5 26. exf5 f6 27. Nge4 Ne8 28. Qe2 Qh7 29. gxf6 Nxf6 30. Nxf6 Rxf6 31. Ne4 Qh6+ 32. Qd2 Qxd2+ 33. Kxd2 Rff8 34. f6 c6 35. Be6 cxd5 36. cxd5 b5 37. f7 Nb6 38. Nf6 Bc8 39. Nh7 Nc4+ 40. Kd3 1-0

[Event "Riga Chess Open 2020"]
[Site "Riga"]
[Date "2020.08.30"]
[Round "9.4"]
[White "Melderis, Uldis"]
[Black "Stabulnieks, Klavs"]
[Result "1/2-1/2"]
[ECO "A00"]
[WhiteElo "1889"]
[BlackElo "2214"]
[Annotator "RC"]
[PlyCount "43"]
[EventDate "2020.08.29"]
[EventType "swiss"]
[EventCountry "LAT"]
[SourceTitle "playchess.com"]
[Source "ChessBase"]
[SourceQuality "1"]
[TimeControl "5400+30"]

1. b4 c6 2. Bb2 a5 3. a3 Qb6 4. c4 axb4 5. c5 Qc7 6. axb4 Rxa1 7. Bxa1 d5 8. Nf3 Nd7 9. d4 g6 10. e3 Bg7 11. Bd3 e5 12. dxe5 Nxe5 13. Nxe5 Bxe5 14. Nd2 Ne7 15. Nf3 Bxa1 16. Qxa1 O-O 17. O-O Bg4 18. Qe5 Qxe5 19. Nxe5 Be6 20. Ra1 Rb8 21. Nf3 b6 22. Nd4 1/2-1/2